[Event "Titled Tuesday Blitz June 07 Early 2022"]
[White "Paravyan, David"]
[Black "Garcia, Gabriel Gonzaga"]
[WhiteFideId "4194985"]
[BlackFideId "2138956"]
[WhiteElo "2569"]
[BlackElo "2240"]
[Result "1-0"]
[Round "01"]
[TimeControl "180+1"]
[Date "2022.06.07"]
[WhiteClock "0:00:05"]
[BlackClock "0:00:11"]

1. e4 c6 2. d4 d5 3. e5 Bf5 4. h4 h5 5. Bd3 Bxd3 6. Qxd3 e6 7. Bg5 Be7 8. Nf3 Nd7 9. Nbd2 Nh6 10. Bxh6 Rxh6 11. c3 Rg6 12. g3 Qb6 13. O-O c5 14. c4 Qa6 15. Qc2 dxc4 16. dxc5 Bxc5 17. Ne4 Rg4 18. Nh2 Rg6 19. Rad1 Qc6 20. Rfe1 Rc8 21. Nd6+ Bxd6 22. Rxd6 Qc5 23. Qc3 Nxe5 24. Qxe5 c3 25. Qxc5 Rxc5 26. bxc3 Rxc3 27. Re2 Ke7 28. Rd5 Rh6 29. Ra5 a6 30. Rb2 Rc7 31. Nf3 Rh8 32. Kg2 g6 33. Ng5 Rd8 34. Ra3 f6 35. Nf3 e5 36. Rab3 b5 37. a4 bxa4 38. Rb7 Rdd7 39. Rxc7 Rxc7 40. Rb4 Ra7 41. Rxa4 Kd6 42. Nd2 Kc5 43. Ne4+ Kb5 44. Ra1 f5 45. Nc3+ Kc4 46. Na4 a5 47. Rb1 e4 48. Rb6 Re7 49. Rxg6 Kb4 50. Nb6 a4 51. Nd5+ 1-0


[Site "https://www.chess.com"]

[Event "Titled Tuesday Blitz June 07 Early 2022"]
[White "Perera Alfonso, Rene Humberto"]
[Black "Martinez Alcantara, Jose Eduardo"]
[WhiteFideId "3514722"]
[BlackFideId "3805662"]
[WhiteElo "2313"]
[BlackElo "2703"]
[Result "0-1"]
[Round "01"]
[TimeControl "180+1"]
[Date "2022.06.07"]
[WhiteClock "0:01:19"]
[BlackClock "0:02:03"]

1. e4 c5 2. Nf3 d6 3. d4 cxd4 4. Nxd4 Nf6 5. Nc3 Nc6 6. Bg5 e6 7. Qd2 a6 8. O-O-O Bd7 9. f4 Be7 10. Bxf6 Bxf6 11. Nxc6 Bxc6 12. Bd3 Qa5 13. Kb1 Bxc3 14. Qxc3 Qxc3 15. bxc3 Ke7 16. c4 Rac8 17. Kb2 e5 18. g3 f6 19. Rd2 Bd7 20. Rhd1 Bg4 21. Re1 Rc6 22. f5 Bh5 23. h3 Bf7 24. Red1 Rd8 25. g4 Bxc4 26. h4 Bf7 27. g5 d5 28. exd5 Rxd5 29. Be4 Rb5+ 30. Ka1 Rc7 31. gxf6+ gxf6 32. Rd3 Rb4 33. Bd5 Bxd5 34. Rxd5 Rxh4 35. Rd8 Rh1 0-1


[Site "https://www.chess.com"]

[Event "Titled Tuesday Blitz June 07 Early 2022"]
[White "Petrovskyi, Vadym"]
[Black "Pham, Le Thao Nguyen"]
[WhiteFideId "14165210"]
[BlackFideId "12401226"]
[WhiteElo "2396"]
[BlackElo "2282"]
[Result "0-1"]
[Round "01"]
[TimeControl "180+1"]
[Date "2022.06.08"]
[WhiteClock "0:00:31"]
[BlackClock "0:00:07"]

1. e4 c5 2. Nf3 e6 3. d4 cxd4 4. Nxd4 a6 5. Bd3 Nc6 6. Nxc6 dxc6 7. O-O e5 8. f4 Nf6 9. Nc3 Bc5+ 10. Kh1 Ng4 11. Qe1 Qd4 12. Nd1 exf4 13. Bxf4 Be6 14. Qg3 h5 15. h3 h4 16. Qe1 Ne5 17. Be3 Qd6 18. Bxc5 Qxc5 19. Ne3 O-O-O 20. Qe2 g5 21. a3 g4 22. hxg4 h3 23. g3 Rdg8 24. Rf4 Qd4 25. Nf5 Qxb2 26. Re1 Bxf5 27. exf5 f6 28. Rb4 Qxa3 29. Reb1 b5 30. Re4 Qc5 31. Re1 h2 32. Rf4 Kb7 33. Be4 Kb6 34. Bg2 Rh7 35. Rd1 Rhg7 36. Bh3 Rh7 37. Bg2 Rhg7 38. Bf3 Re8 39. Re4 Rh8 40. Bg2 Rhg8 41. Bh3 a5 42. Kxh2 a4 43. Rf1 Rh8 44. Rxe5 fxe5 45. Kg2 Rgh7 46. Rh1 Qd5+ 47. Qf3 Qxf3+ 48. Kxf3 Rxh3 49. Re1 a3 50. g5 a2 51. g6 Rh1 52. g7 Rxe1 53. gxh8=Q a1=Q 54. Qb8+ Kc5 55. Qf8+ Kc4 56. Qf7+ Kb4 57. Qe7+ c5 58. Kg4 Qc3 59. Qd6 Qd4+ 60. Qxd4+ exd4 61. f6 c4 62. Kh5 Rf1 63. Kg6 d3 64. cxd3 cxd3 65. g4 d2 66. g5 d1=Q 67. Kg7 Qd7+ 68. Kg6 Qe8+ 69. Kg7 Rf5 70. g6 Rxf6 71. Kxf6 Qg8 72. g7 Kc5 73. Kg6 b4 74. Kf6 b3 0-1


[Site "https://www.chess.com"]

[Event "Titled Tuesday Blitz June 07 Early 2022"]
[White "Ronka, Erik"]
[Black "Ivic, Velimir"]
[WhiteFideId "505080"]
[BlackFideId "950122"]
[WhiteElo "2264"]
[BlackElo "2610"]
[Result "1-0"]
[Round "01"]
[TimeControl "180+1"]
[Date "2022.06.07"]
[WhiteClock "0:00:11"]
[BlackClock "0:00:13"]

1. e4 c5 2. Nf3 Nc6 3. d4 cxd4 4. Nxd4 Nf6 5. Nc3 e5 6. Ndb5 d6 7. Bg5 a6 8. Na3 b5 9. Bxf6 gxf6 10. Nd5 f5 11. Bd3 Be6 12. c3 Bxd5 13. exd5 Ne7 14. Nxb5 Bg7 15. Na3 O-O 16. O-O e4 17. Bc2 Ng6 18. Kh1 Be5 19. Nc4 Kh8 20. Nxe5 Nxe5 21. f3 Qh4 22. Qe1 Qh6 23. fxe4 f4 24. Qf2 Rab8 25. b3 Ng6 26. c4 Rfe8 27. c5 dxc5 28. Qxc5 Rbc8 29. Qd4+ Kg8 30. Bd3 Re5 31. Rac1 Rce8 32. Rf3 Rh5 33. h3 Ne5 34. Rcf1 Nxf3 35. Rxf3 Qd6 36. Qf2 Rc8 37. Bc4 f5 38. Rxf4 fxe4 39. Rg4+ Kh8 40. Rxe4 Rg5 41. Qd4+ Rg7 42. Rg4 Rg8 43. Rxg7 Rxg7 44. a4 h6 45. Qe4 Qg3 46. Qf3 Qxf3 47. gxf3 Rg3 48. d6 Rxf3 49. d7 Rf8 50. Bf7 Rd8 51. Be8 a5 52. Kg2 Kg7 53. Kg3 Kf6 54. Kg4 Rb8 55. Kh5 Kg7 56. Kg4 Kf6 57. Kh5 Ke7 58. Kxh6 Rxb3 59. h4 Rb4 60. h5 Rxa4 61. d8=Q+ Kxd8 62. Bxa4 Ke7 63. Kg7 1-0


[Site "https://www.chess.com"]

[Event "Titled Tuesday Blitz June 07 Early 2022"]
[White "Sadhwani, Raunak"]
[Black "Di Nicolantonio, Lucas"]
[WhiteFideId "35093487"]
[BlackFideId "680460"]
[WhiteElo "2616"]
[BlackElo "2381"]
[Result "0-1"]
[Round "01"]
[TimeControl "180+1"]
[Date "2022.06.07"]
[WhiteClock "0:00:05"]
[BlackClock "0:00:07"]

1. e4 e6 2. Qe2 d5 3. exd5 Nf6 4. dxe6 Bxe6 5. Nf3 Be7 6. Qb5+ Nc6 7. c3 O-O 8. d4 Re8 9. Be2 Bd5 10. O-O Bd6 11. Bg5 Re6 12. Nbd2 a6 13. Qd3 h6 14. Bh4 Qe8 15. Rfe1 Ne4 16. Nxe4 Bxe4 17. Qd2 Be7 18. Bc4 Bxf3 19. Rxe6 fxe6 20. Bxe6+ Kh8 21. Bg3 Bg5 22. Qe1 Bh5 23. Bd5 Qd7 24. Qe6 Qxe6 25. Bxe6 Re8 26. d5 Nd8 27. Bf5 Re7 28. Bd3 Bf6 29. f3 Bf7 30. Be4 Bg8 31. Rd1 Nf7 32. Bd3 Nd6 33. Bf1 b5 34. Bf2 Bf7 35. h4 Kg8 36. g4 g5 37. h5 Re5 38. Rd3 Rxd5 39. Re3 Re5 40. Rxe5 Bxe5 41. a3 Bc4 42. Bc5 Bxf1 43. Kxf1 Kf7 44. Ke2 Ke6 45. Bb4 Kd5 46. Ba5 Nc4 47. Bb4 c5 0-1


[Site "https://www.chess.com"]

[Event "Titled Tuesday Blitz June 07 Early 2022"]
[White "Shohat, Yotam"]
[Black "Morefield, Jason"]
[WhiteFideId "2813955"]
[BlackFideId "30920825"]
[WhiteElo "2119"]
[BlackElo "2171"]
[Result "1-0"]
[Round "01"]
[TimeControl "180+1"]
[Date "2022.06.08"]
[WhiteClock "0:00:06"]
[BlackClock "0:00:07"]

1. e4 c5 2. Nf3 d6 3. Nc3 Nf6 4. d4 cxd4 5. Nxd4 a6 6. Bc4 e6 7. a3 Be7 8. Ba2 O-O 9. O-O b5 10. f4 Bb7 11. f5 e5 12. Nde2 Nxe4 13. Nxe4 Bxe4 14. Ng3 Bb7 15. Nh5 Kh8 16. f6 gxf6 17. Bd5 Bxd5 18. Qxd5 Nd7 19. Bh6 Rg8 20. Qxf7 Bf8 21. Bxf8 Nxf8 22. Rxf6 Ng6 23. Raf1 Rc8 24. Re6 Qf8 25. c3 Qh6 26. Qf6+ Rg7 27. Nxg7 Qxg7 28. Rxd6 Re8 29. Rd8 Rxd8 30. Qxd8+ Qg8 31. Qxg8+ Kxg8 32. Rd1 Kf7 33. Rd7+ Ke6 34. Rxh7 Nf4 35. Rh6+ Kd5 36. Rxa6 Nd3 37. Rb6 Kc5 38. Rb8 Nxb2 39. h4 Nc4 40. h5 Nxa3 41. h6 e4 42. h7 Nc2 43. h8=Q Kc4 44. Rc8+ Kb3 45. Qg8+ Kb2 46. Qd5 e3 47. Qxb5+ Kc1 48. Qe2 Kb1 49. Rb8+ Kc1 50. Qf1+ Kd2 51. Rd8+ Kxc3 52. Qd3+ Kb2 53. Rc8 Nb4 54. Rb8 e2 55. Rxb4+ Ka2 56. Qb3+ 1-0


[Site "https://www.chess.com"]

[Event "Titled Tuesday Blitz June 07 Early 2022"]
[White "Sjoberg, Isak"]
[Black "Grigorov, Grigor"]
[WhiteFideId "1521640"]
[BlackFideId "2907313"]
[WhiteElo "2037"]
[BlackElo "2510"]
[Result "0-1"]
[Round "01"]
[TimeControl "180+1"]
[Date "2022.06.07"]
[WhiteClock "0:00:47"]
[BlackClock "0:01:38"]

1. e4 c6 2. d4 d5 3. Nc3 dxe4 4. Nxe4 Nf6 5. Nxf6+ exf6 6. c3 Bd6 7. Bd3 Na6 8. Qc2 h5 9. Ne2 Nc7 10. O-O Kf8 11. Ng3 h4 12. Ne4 Nd5 13. a3 Bc7 14. f4 f5 15. Ng5 g6 16. Bd2 Kg7 17. c4 Nxf4 18. Kh1 Qxg5 0-1


[Site "https://www.chess.com"]

[Event "Titled Tuesday Blitz June 07 Early 2022"]
[White "Sjugirov, Sanan"]
[Black "Baches Garcia, Guillermo"]
[WhiteFideId "4189302"]
[BlackFideId "2209764"]
[WhiteElo "2602"]
[BlackElo "2525"]
[Result "1-0"]
[Round "01"]
[TimeControl "180+1"]
[Date "2022.06.07"]
[WhiteClock "0:00:07"]
[BlackClock "0:00:18"]

1. Nf3 Nf6 2. g3 d5 3. Bg2 c6 4. O-O Bg4 5. h3 Bh5 6. d4 e6 7. c4 Nbd7 8. cxd5 cxd5 9. Ne5 Be7 10. Nc3 O-O 11. Qb3 Nxe5 12. dxe5 Nd7 13. g4 Bg6 14. Bf4 Nc5 15. Qd1 Qb6 16. b3 Rac8 17. Rc1 Rfd8 18. Qd4 Ne4 19. Qxb6 axb6 20. Bxe4 Bxe4 21. Nxe4 dxe4 22. Rxc8 Rxc8 23. Rd1 Rd8 24. Rc1 Bc5 25. Rc4 f5 26. exf6 gxf6 27. Rxe4 e5 28. Be3 Rd1+ 29. Kg2 Ra1 30. Bxc5 bxc5 31. Ra4 b5 32. Ra5 c4 33. Rxb5 Rxa2 34. e3 c3 35. Rc5 c2 36. b4 Kf7 37. b5 Ke6 38. b6 Rb2 39. b7 Rxb7 40. Rxc2 h5 41. Rc6+ Kf7 42. gxh5 Rb4 43. Kg3 Kg7 44. f3 Ra4 45. e4 Rb4 46. Kg4 Rb3 47. h6+ Kxh6 48. Rxf6+ Kg7 49. Rf5 Rb5 50. h4 Kg6 51. h5+ Kh6 52. Rf6+ Kg7 53. Rg6+ Kf7 54. Rg5 Kf6 55. h6 Rb1 56. Rf5+ Kg6 57. Rxe5 Kxh6 58. Re6+ Kg7 59. Kf5 Kf7 60. f4 Rb5+ 61. Re5 Rb6 62. Rc5 Rh6 63. Rc7+ Ke8 64. e5 Rb6 65. Rg7 Kf8 66. Rg6 Rb4 67. Rf6+ Ke7 68. Ra6 Rb7 69. Rh6 Rb4 70. Rh7+ Kf8 71. Kg5 Rb1 72. f5 Rg1+ 73. Kf6 Kg8 74. Rb7 Rb1 75. Rxb1 1-0


[Site "https://www.chess.com"]

[Event "Titled Tuesday Blitz June 07 Early 2022"]
[White "Sochacki, Wojtek"]
[Black "Salinas Herrera, Pablo"]
[WhiteFideId "651389"]
[BlackFideId "3407128"]
[WhiteElo "2284"]
[BlackElo "2541"]
[Result "0-1"]
[Round "01"]
[TimeControl "180+1"]
[Date "2022.06.07"]
[WhiteClock "0:00:26"]
[BlackClock "0:01:15"]

1. e4 c5 2. Nf3 e6 3. d4 cxd4 4. Nxd4 a6 5. c4 Qc7 6. Nc3 b6 7. a3 Bb7 8. Be2 d6 9. O-O Nd7 10. Be3 Ngf6 11. f3 Be7 12. Rc1 O-O 13. Kh1 Rac8 14. Bg1 Qb8 15. Qe1 Rfe8 16. Qg3 h5 17. Rfd1 Ne5 18. b3 h4 19. Qf2 h3 20. g4 Ng6 21. Qg3 Qa8 22. Be3 d5 23. cxd5 exd5 24. e5 Bxa3 25. Rc2 Rxe5 26. f4 Ree8 27. Qxh3 Bb4 28. Rdc1 Bxc3 29. Rxc3 Rxc3 30. Rxc3 Ne4 31. Rc7 Qb8 32. Rd7 Qc8 33. Rxf7 Kxf7 34. f5 Nf4 35. Qh4 Nxe2 36. Qh5+ Kg8 37. Nxe2 d4 38. Bxd4 Ng3+ 39. Kg1 Nxe2+ 0-1


[Site "https://www.chess.com"]

[Event "Titled Tuesday Blitz June 07 Early 2022"]
[White "Stankovic, Ivan G"]
[Black "Wagner, Dennis"]
[WhiteFideId "902837"]
[BlackFideId "24650684"]
[WhiteElo "2195"]
[BlackElo "2355"]
[Result "1-0"]
[Round "01"]
[TimeControl "180+1"]
[Date "2022.06.08"]
[WhiteClock "0:00:09"]
[BlackClock "0:00:04"]

1. e4 c5 2. c4 Nc6 3. Nc3 g6 4. g3 Bg7 5. Bg2 d6 6. d3 e6 7. Nge2 Nge7 8. Be3 Nd4 9. Rb1 O-O 10. a3 Rb8 11. O-O b6 12. b4 Bb7 13. Qd2 Qd7 14. Bh6 Bxh6 15. Qxh6 Nec6 16. b5 Ne5 17. Qe3 Nxe2+ 18. Qxe2 f5 19. f4 Ng4 20. h3 Nf6 21. g4 Rbe8 22. Rbe1 e5 23. fxe5 Rxe5 24. gxf5 gxf5 25. Rxf5 Rxf5 26. exf5 Re8 27. Ne4 Bxe4 28. dxe4 Qg7 29. Kh2 Kh8 30. Rg1 Rg8 31. Qf2 Qh6 32. Qb2 Rg7 33. Kh1 Kg8 34. e5 Nh5 35. Bd5+ Kf8 36. exd6 Rxg1+ 37. Kxg1 Qe3+ 38. Qf2 Qc1+ 39. Kh2 Qg5 40. Bf3 Qf4+ 41. Kg2 Nf6 42. Qg3 Qd2+ 43. Kf1 Qc1+ 44. Qe1 Qxc4+ 45. Qe2 Qxe2+ 46. Kxe2 Ke8 47. Bc6+ Kd8 48. Ke3 h6 49. Kf4 c4 50. Ke3 Nh5 51. Kd4 Ng3 52. f6 c3 53. Kxc3 Nf5 54. f7 Nxd6 55. f8=Q+ Kc7 56. Qe7+ Kc8 57. Qxd6 h5 58. Qd7+ 1-0


[Site "https://www.chess.com"]

[Event "Titled Tuesday Blitz June 07 Early 2022"]
[White "Suich, Peter D"]
[Black "Sadubayev, Airat"]
[WhiteFideId "2050366"]
[BlackFideId "13713264"]
[WhiteElo "2403"]
[BlackElo "2230"]
[Result "1-0"]
[Round "01"]
[TimeControl "180+1"]
[Date "2022.06.08"]
[WhiteClock "0:00:22"]
[BlackClock "0:00:04"]

1. d4 d5 2. c4 c6 3. Nf3 Nf6 4. e3 e6 5. b3 Nbd7 6. Bb2 Bd6 7. Bd3 O-O 8. O-O b6 9. Nc3 Bb7 10. Qe2 Qe7 11. Rfd1 Ba3 12. Bxa3 Qxa3 13. e4 dxe4 14. Nxe4 Nxe4 15. Bxe4 Nf6 16. Ne5 Rac8 17. Bf3 Qe7 18. c5 bxc5 19. dxc5 Qxc5 20. Rac1 Qb6 21. Nc4 Qa6 22. Nd6 Rc7 23. Qxa6 Bxa6 24. Bxc6 g6 25. Bf3 Rd7 26. Bc6 Rc7 27. Bf3 Rxc1 28. Rxc1 Rd8 29. Rc6 Bd3 30. h3 Kf8 31. Nb7 Rd4 32. Nc5 Bb1 33. a4 Nd7 34. Rc8+ Kg7 35. Rd8 Nxc5 36. Rxd4 Nxb3 37. Rb4 Bc2 38. Be4 Bxe4 39. Rxb3 a6 40. Rb4 Bd5 41. a5 Kf6 42. Kf1 Ke5 43. g3 h5 44. Ke2 g5 45. h4 g4 46. Ke3 f6 47. Rb6 Bc4 48. Rc6 Bb5 49. Rc5+ Kd6 50. Rxh5 f5 51. Rh8 Kc5 52. h5 Kb4 53. h6 Kxa5 54. h7 Bc4 55. Rf8 1-0


[Site "https://www.chess.com"]

[Event "Titled Tuesday Blitz June 07 Early 2022"]
[White "Suleymanli, Aydin"]
[Black "Szalay, Karoly"]
[WhiteFideId "13413937"]
[BlackFideId "2600544"]
[WhiteElo "2481"]
[BlackElo "2492"]
[Result "1-0"]
[Round "01"]
[TimeControl "180+1"]
[Date "2022.06.07"]
[WhiteClock "0:00:10"]
[BlackClock "0:00:15"]

1. c4 c5 2. b3 Nc6 3. Bb2 e5 4. d3 g6 5. g3 Bg7 6. Bg2 Nge7 7. Nf3 O-O 8. Nfd2 a6 9. Nc3 Rb8 10. a4 d6 11. O-O f5 12. e3 Be6 13. Rc1 Nb4 14. Qe2 Qd7 15. Ba3 d5 16. Bxb4 cxb4 17. Nxd5 Nxd5 18. cxd5 Bxd5 19. e4 Bc6 20. Rfd1 Rbd8 21. Nf1 f4 22. Bf3 Qf7 23. Rc4 fxg3 24. Kg2 gxf2 25. Qxf2 Bh6 26. Ng3 Qe7 27. Ne2 Rd6 28. Qg3 Rfd8 29. d4 exd4 30. Nxd4 R6d7 31. Nxc6 bxc6 32. Rxd7 Rxd7 33. Rxc6 Rd2+ 34. Kh1 Qd7 35. Qb8+ Bf8 36. Rf6 Qe7 37. e5 Rd8 38. Qb7 Qxb7 39. Bxb7 Bg7 40. Rxa6 Bxe5 41. Re6 Rd1+ 42. Kg2 Bc3 43. a5 Ra1 44. a6 Kf7 45. Rc6 Ke7 46. Rc4 Kd6 47. h4 Ra2+ 48. Kf3 Ra3 49. Kg4 h6 50. Kf4 g5+ 51. hxg5 hxg5+ 52. Kxg5 Ke5 53. Kg6 Kd6 54. Kf7 Kd7 55. Re4 Ra5 56. Re7+ Kd8 57. Re8+ Kc7 58. Re4 Kb6 59. Ke6 Ka7 60. Rc4 Ra3 61. Rc7 Rxb3 62. Bd5+ Kxa6 63. Bxb3 Kb5 64. Rc4 Bd2 65. Kd5 Bc3 66. Bc2 Bd2 67. Rc5+ Kb6 68. Bd3 Be3 69. Rc6+ Ka5 70. Ra6# 1-0


[Site "https://www.chess.com"]

[Event "Titled Tuesday Blitz June 07 Early 2022"]
[White "Svane, Frederik"]
[Black "Migot, Tangi"]
[WhiteFideId "12923044"]
[BlackFideId "662445"]
[WhiteElo "2459"]
[BlackElo "2487"]
[Result "1-0"]
[Round "01"]
[TimeControl "180+1"]
[Date "2022.06.07"]
[WhiteClock "0:00:04"]
[BlackClock "0:00:06"]

1. a3 d5 2. Nf3 Bf5 3. e3 e6 4. d4 c5 5. Bb5+ Nc6 6. O-O Nf6 7. dxc5 Bxc5 8. Nd4 Bxd4 9. exd4 O-O 10. c3 a6 11. Be2 b5 12. Nd2 Ne4 13. Nb3 Qb6 14. Bf4 a5 15. f3 Nf6 16. Nc5 b4 17. axb4 axb4 18. Rxa8 Rxa8 19. Be3 bxc3 20. bxc3 Qb2 21. Qd2 Qxd2 22. Bxd2 Ra2 23. Rd1 Bc2 24. Re1 h6 25. Be3 Na5 26. Kf2 Nc4 27. Bf4 Nh5 28. Bc1 g5 29. g4 Nf4 30. Bxf4 gxf4 31. Bxc4 dxc4 32. Re2 Kg7 33. Nd7 Bb3 34. Rxa2 Bxa2 35. h4 f6 36. Nc5 Kf7 37. Ke2 Bb1 38. Kd2 Bg6 39. Nd7 Ke7 40. Nb6 Bd3 41. Na4 Bf1 42. Ke1 Bd3 43. Nb2 Bg6 44. Nxc4 h5 45. gxh5 Bxh5 46. Ke2 Kd7 47. Nd2 e5 48. Ne4 Ke6 49. d5+ Kf5 50. d6 Ke6 51. d7 Be8 52. dxe8=Q+ 1-0


[Site "https://www.chess.com"]

[Event "Titled Tuesday Blitz June 07 Early 2022"]
[White "Svane, Rasmus"]
[Black "Shuvalov, Evgenij"]
[WhiteFideId "4657101"]
[BlackFideId "4187237"]
[WhiteElo "2674"]
[BlackElo "2023"]
[Result "1-0"]
[Round "01"]
[TimeControl "180+1"]
[Date "2022.06.07"]
[WhiteClock "0:00:58"]
[BlackClock "0:01:28"]

1. Nf3 Nf6 2. g3 d5 3. Bg2 c6 4. O-O Bf5 5. c4 e6 6. Qb3 Qb6 7. d3 Nbd7 8. cxd5 cxd5 9. Nc3 Be7 10. Bf4 h6 11. Qxb6 Nxb6 12. Nb5 O-O 13. Rfc1 Rfc8 14. Nfd4 Bg4 15. h3 Bh5 16. g4 Bg6 17. Rxc8+ Nxc8 18. Nc7 Rb8 19. Ncxe6 Bd6 20. Bxd6 Nxd6 21. Nf4 Rc8 22. Nxd5 Nxd5 23. Bxd5 Kf8 24. f4 f6 25. Kf2 Bf7 26. Bxf7 Kxf7 27. Ke3 h5 28. Kd2 hxg4 29. hxg4 Ke7 30. Rc1 Rxc1 31. Kxc1 Kd7 32. Kd2 Nf7 33. e4 a6 34. Ke3 Nh6 35. Kf3 Nf7 36. Nf5 g5 37. d4 gxf4 38. Kxf4 Ng5 39. e5 Ne6+ 40. Ke4 Ng5+ 41. Kd5 fxe5 42. dxe5 Ne6 43. Nd4 Nc7+ 44. Kc5 Ne8 45. Kb6 Kc8 46. Nf5 Kb8 47. g5 1-0


[Site "https://www.chess.com"]

[Event "Titled Tuesday Blitz June 07 Early 2022"]
[White "Tasev, Dejan"]
[Black "Durarbayli, Vasif"]
[WhiteFideId "936618"]
[BlackFideId "13402935"]
[WhiteElo "2253"]
[BlackElo "2528"]
[Result "0-1"]
[Round "01"]
[TimeControl "180+1"]
[Date "2022.06.07"]
[WhiteClock "0:01:19"]
[BlackClock "0:00:51"]

1. e4 e5 2. Nf3 Nc6 3. Bb5 a6 4. Ba4 Nf6 5. O-O b5 6. Bb3 Bc5 7. c3 d6 8. d4 Bb6 9. h3 O-O 10. Re1 Bb7 11. Bc2 h6 12. Be3 exd4 13. cxd4 Nb4 14. Nbd2 Re8 15. e5 Nxc2 16. Qxc2 Nd5 17. a3 dxe5 18. Nxe5 Nxe3 19. fxe3 Bxd4 20. Nxf7 Rxe3 21. Nxh6+ Kf8 22. Qf5+ Qf6 23. Qxf6+ gxf6 24. Kf1 Rae8 25. Nf5 Rxe1+ 26. Rxe1 Rxe1+ 27. Kxe1 Bxb2 28. Nb1 Be4 0-1


[Site "https://www.chess.com"]

[Event "Titled Tuesday Blitz June 07 Early 2022"]
[White "Villamayor, Buenaventura"]
[Black "Urazayev, Arystanbek"]
[WhiteFideId "5200393"]
[BlackFideId "13709810"]
[WhiteElo "2301"]
[BlackElo "2422"]
[Result "0-1"]
[Round "01"]
[TimeControl "180+1"]
[Date "2022.06.08"]
[WhiteClock "0:00:04"]
[BlackClock "0:00:14"]

1. e4 e5 2. Nf3 Nc6 3. d4 exd4 4. Nxd4 Nf6 5. Nxc6 bxc6 6. e5 Qe7 7. Qe2 Nd5 8. c4 Nb6 9. Nc3 Bb7 10. Qe4 O-O-O 11. Be3 Re8 12. f4 f6 13. c5 Nd5 14. Bf2 fxe5 15. f5 Nf6 16. Qa4 e4 17. Bd4 Kb8 18. Ba6 Bxa6 19. Qxa6 Nd5 20. Nxd5 cxd5 21. O-O-O c6 22. Rhe1 Ka8 23. Re3 Rb8 24. Ra3 Rb7 25. Kb1 Qd8 26. Rc3 Be7 27. Bxg7 Rg8 28. Be5 Rxg2 29. b3 Bf6 30. Bxf6 Qxf6 31. Rdc1 d4 32. Rc4 d3 33. R1c3 d2 34. Kc2 d1=Q+ 35. Kxd1 Qg5 36. Rc2 Rg1+ 37. Ke2 Qg4+ 38. Ke3 Re1+ 39. Kd4 e3+ 40. Kd3 Qd1+ 41. Ke4 Qd5+ 42. Kf4 Rf1+ 43. Kg3 Rg1+ 44. Kh4 Qg8 0-1


[Site "https://www.chess.com"]

[Event "Titled Tuesday Blitz June 07 Early 2022"]
[White "Vusatiuk, Vladimir"]
[Black "Laxman, R.R."]
[WhiteFideId "14118610"]
[BlackFideId "5005361"]
[WhiteElo "2157"]
[BlackElo "2361"]
[Result "1/2-1/2"]
[Round "01"]
[TimeControl "180+1"]
[Date "2022.06.08"]
[WhiteClock "0:00:09"]
[BlackClock "0:00:24"]

1. d4 Nf6 2. c4 e6 3. Nc3 Bb4 4. Qc2 O-O 5. a3 Bxc3+ 6. Qxc3 d5 7. Bg5 h6 8. Bh4 dxc4 9. Qxc4 b6 10. Nf3 Ba6 11. Qa4 Qd7 12. Qc2 Qc6 13. Qxc6 Nxc6 14. Rc1 Bb7 15. Bxf6 gxf6 16. e3 Rac8 17. Bb5 Nb8 18. Ke2 Rfd8 19. b4 Kf8 20. Rc3 Ke7 21. Rhc1 c6 22. Bd3 f5 23. Ne5 f6 24. Ng6+ Kf7 25. Nf4 Nd7 26. Bc4 Nf8 27. a4 Ke7 28. Nd3 Ng6 29. f4 h5 30. Kf2 h4 31. Ne1 c5 32. dxc5 bxc5 33. b5 Rd2+ 34. Be2 Kd6 35. Nf3 Bxf3 36. Kxf3 Ne7 37. Rd1 Rxd1 38. Bxd1 Nd5 39. Rc4 Nb6 40. Rc1 c4 41. a5 Nd5 42. Be2 c3 43. e4 Nb4 44. exf5 c2 45. Ke3 Na2 46. Kd2 Nxc1 47. Kxc1 exf5 48. Bd3 Rc5 49. b6 Rxa5 50. bxa7 Rxa7 51. Bxf5 Ra1+ 52. Kxc2 Ra2+ 53. Kd3 Rxg2 54. h3 Rg3+ 55. Ke4 Kc5 56. Bg4 Kd6 57. Bf5 Ke7 58. Bg4 Kf7 59. Bh5+ Kg7 60. Bg4 Kg6 61. Bf5+ Kh5 62. Kd5 Re3 63. Kd4 Re1 64. Be4 Kh6 65. Bf5 Kg7 66. Bg4 Kf7 67. Bf5 Ke7 68. Kd5 Rg1 69. Ke4 Kd6 70. Bg4 Ke7 71. Kf5 Ra1 72. Ke4 Ra5 73. Bf5 Kd6 74. Bg4 Kc5 75. Kf5 Ra6 76. Kg6 Kd4 77. Kh5 Ke3 78. f5 Kf4 79. Kxh4 Ra8 80. Kh5 Rg8 81. Kh6 Rg5 82. Kh7 Ke5 83. Kh6 Rg8 84. Kh7 Rb8 85. Kg7 Rb6 86. Kg6 Kf4 87. Kf7 Kg3 88. Kg6 Kh4 89. Kf7 Kg5 90. Ke7 Rb7+ 91. Ke6 Ra7 92. Kd6 Ra6+ 93. Ke7 Kf4 94. Kf7 Ke5 95. Kg6 Ra7 96. Kh6 Ra4 97. Kg6 Rf4 98. Kf7 Rb4 99. Kg6 Rb6 100. Kf7 Kf4 101. Ke7 Kg5 102. Kf7 Rb7+ 103. Ke6 Ra7 104. Kd6 Ra5 105. Ke6 Re5+ 106. Kf7 Re3 107. Kg7 Re7+ 108. Kf8 Ra7 109. Ke8 Rh7 110. Kf8 Kh6 111. Ke8 Kg7 112. Ke7 Rh8 113. Ke6 Rb8 114. Ke7 Rb6 115. Kd7 Kh6 116. Ke7 Kg5 117. Kf7 Rb7+ 118. Ke6 1/2-1/2


[Site "https://www.chess.com"]

[Event "Titled Tuesday Blitz June 07 Early 2022"]
[White "Zlatin, Alexander"]
[Black "Goltsev, Dmitry"]
[WhiteFideId "2810549"]
[BlackFideId "24176710"]
[WhiteElo "2228"]
[BlackElo "2258"]
[Result "1-0"]
[Round "01"]
[TimeControl "180+1"]
[Date "2022.06.08"]
[WhiteClock "0:00:10"]
[BlackClock "0:00:02"]

1. d4 b6 2. Nc3 Bb7 3. Bf4 d6 4. e4 Nd7 5. Nf3 g6 6. Be2 Bg7 7. O-O e5 8. dxe5 dxe5 9. Be3 Ne7 10. a4 O-O 11. a5 Nf6 12. Bd3 Ng4 13. Bd2 Nc6 14. a6 Bc8 15. h3 Nf6 16. Be3 Nh5 17. Qd2 Nd4 18. Ne1 c5 19. Ne2 Be6 20. Nxd4 exd4 21. Bh6 c4 22. Be2 Nf6 23. Bxg7 Kxg7 24. e5 Ne4 25. Qf4 Nc5 26. Rd1 Nxa6 27. Rxd4 Qc7 28. Bxc4 Nc5 29. b4 Nd7 30. Nf3 Rac8 31. Bxe6 fxe6 32. Qg5 Rf7 33. Rfd1 Rcf8 34. c4 a5 35. bxa5 bxa5 36. h4 a4 37. h5 Nc5 38. hxg6 hxg6 39. Rg4 Kg8 40. Qxg6+ Rg7 41. Qh5 Rxg4 42. Qxg4+ Qg7 43. Qd4 Nb3 44. Qe4 a3 45. Qd3 Rb8 46. Rb1 a2 47. Re1 a1=Q 48. Rxa1 Nxa1 49. Qd6 Re8 50. c5 Nb3 51. c6 Qe7 52. Qd3 Nc5 53. Qg6+ Kf8 54. Ng5 Qg7 55. Nh7+ Kg8 56. Nf6+ 1-0


[Site "https://www.chess.com"]

[Event "Titled Tuesday Blitz June 07 Early 2022"]
[White "Adla, Diego"]
[Black "Maltsevskaya, Aleksandra"]
[WhiteFideId "100072"]
[BlackFideId "24174041"]
[WhiteElo "2377"]
[BlackElo "2243"]
[Result "1-0"]
[Round "02"]
[TimeControl "180+1"]
[Date "2022.06.08"]
[WhiteClock "0:00:04"]
[BlackClock "0:00:04"]

1. c4 e5 2. Nc3 Nf6 3. Nf3 Nc6 4. e4 a6 5. d4 exd4 6. Nxd4 Bb4 7. Nxc6 bxc6 8. Bd3 O-O 9. O-O d6 10. Na4 Re8 11. a3 Bc5 12. Nxc5 dxc5 13. Qc2 Ng4 14. h3 Ne5 15. Be2 Qe7 16. Be3 Rb8 17. Rad1 h6 18. f4 Ng6 19. e5 Nh4 20. Bf2 Nf5 21. Bf3 Nd4 22. Bxd4 cxd4 23. Rxd4 Qc5 24. Qf2 a5 25. Rd2 Qxc4 26. Rc2 Qxf4 27. Bxc6 Qxf2+ 28. Rcxf2 Re7 29. Bd5 Be6 30. Bxe6 Rxe6 31. Rxf7 Rxb2 32. Rxc7 Rxe5 33. Rff7 Rg5 34. Rf2 Rb3 35. a4 Rb4 36. Ra2 h5 37. Rcc2 h4 38. Kh2 Re5 39. Rf2 Re1 40. Rfe2 Rc1 41. g3 hxg3+ 42. Kxg3 Rc3+ 43. Kg2 Rbb3 44. Rab2 Rg3+ 45. Kf2 Rbf3+ 46. Ke1 Rxh3 47. Rb5 Ra3 48. Rxa5 Rhg3 49. Ra8+ Kh7 50. Rh2+ Kg6 51. Ra6+ Kf5 52. Rf2+ Ke5 53. Re2+ Kd4 54. Ra8 g5 55. a5 Rgf3 56. Rd2+ Ke4 57. Re8+ Kf5 58. Rd5+ Kg4 59. Re2 Ra1+ 60. Kd2 Ra2+ 61. Ke1 Raa3 62. Rb5 Rfd3 63. Rd2 Re3+ 64. Kd1 Kf3 65. Rxg5 Ra1+ 66. Kc2 Ra2+ 67. Kd1 Raa3 68. Rb5 Ke4 69. Rbb2 Ra1+ 70. Kc2 Ra4 71. Rb3 Rc4+ 72. Kb2 Re1 73. Rc2 Ra4 74. Rb5 Rea1 75. Kb3 R1a3+ 76. Kb2 Ra2+ 77. Kc1 Ra1+ 78. Rb1 R1a3 79. Re2+ Kd3 80. Rd2+ Kc3 81. Rc2+ Kd3 82. Rd2+ Ke3 83. Rc2 Rg4 84. Kb2 Rxa5 85. Rc3+ Kd2 86. Rb3 Rga4 87. Rb8 Ra2+ 88. Kb3 R2a3+ 89. Kb4 R3a4+ 90. Kb3 Rd4 91. Rb2+ Kd3 92. Rb4 Rd6 93. Rb1 Rda6 94. Rd1+ Ke2 95. Rdd4 Ra3+ 96. Kc4 Rc6+ 97. Kd5 Rac3 98. Re4+ Kd2 99. Red4+ Ke3 100. Re4+ Kf3 101. Rf4+ 1-0


[Site "https://www.chess.com"]